 Dungeon Crawl Stone Soup version 0.31-a0-1591-g515db51633 (webtiles) character file.

Game seed: 9592706787228504437

1791 Flugslaktarn the Toxicologist (level 9, -7/54 HPs)
             Began as an Octopode Alchemist on Jan 6, 2024.
             Was a Follower of Sif Muna.
             Mangled by Menkaure (24 damage)
             ... on level 7 of the Dungeon.
             The game lasted 00:08:22 (1727 turns).

Flugslaktarn the Toxicologist (Octopode Alchemist)  Turns: 1727, Time: 00:08:23

Health: -7/54      AC:  1    Str:  7    XL:     9   Next: 8%
Magic:  20/20      EV: 13    Int: 22    God:    Sif Muna [*.....]
Gold:   201        SH:  0    Dex: 18    Spells: 14/23 levels left

rFire   . . .        e - +2 dagger (protect)
rCold   . . .        (no shield)
rNeg    + . .        (helmet restricted)
rPois   .            o - amulet of magic regeneration
rElec   .            g - +6 ring of dexterity
rCorr   .            l - ring of positive energy
SInv    .            (no ring)
Will    .....        (no ring)
Stlth   +++          (no ring)
HPRegen 0.29/turn    (no ring)
MPRegen 0.57/turn    (no ring)
                     (no ring)

%: no passive effects
@: marked
A: almost no armour, amphibious, 8 rings, camouflage 1, gelatinous body 1,
(nimble swimmer 1), tentacles
a: Renounce Religion, Channel Magic


You were on level 7 of the Dungeon.
You worshipped Sif Muna.
Sif Muna was aware of your devotion.
You visited 2 branches of the dungeon, and saw 8 of its levels.

You collected 201 gold pieces.

Inventory:

Hand Weapons
 e - a +2 dagger of protection (weapon)
   (You found it on level 5 of the Dungeon)
 n - a +2 heavy spear
   (You took it off a gnoll sergeant on level 6 of the Dungeon)
Armour
 m - a +0 buckler
   (You found it on level 4 of the Dungeon)
 u - a +0 kite shield
   (You took it off a gnoll sergeant on level 6 of the Dungeon)
Magical Staves
 a - a staff of fire
   (You found it on level 7 of the Dungeon)
Jewellery
 g - a +6 ring of dexterity (left tentacle)
   (You found it on level 3 of the Dungeon)
 j - a ring of fire
   (You found it on level 5 of the Dungeon)
 k - an amulet of guardian spirit
   (You found it on level 3 of the Dungeon)
 l - a ring of positive energy (right tentacle)
   (You found it on level 4 of the Dungeon)
 o - an amulet of magic regeneration (around mantle)
   (You found it on level 5 of the Dungeon)
Talismans
 d - a blade talisman
   (You found it on level 2 of the Dungeon)
 f - a beast talisman
   (You found it on level 5 of the Dungeon)
Scrolls
 h - a scroll of poison
 r - a scroll of enchant weapon {unknown}
 s - a scroll of vulnerability
 t - a scroll of teleportation
 z - a scroll of blinking
Potions
 c - a potion of attraction {unknown}
 i - a potion of brilliance
 q - 2 potions of curing


   Skills:
 - Level 2.0 Fighting
 - Level 2.0 Dodging
 - Level 2.6 Stealth
 + Level 7.5 Spellcasting
 - Level 1.0 Conjurations
 - Level 4.0 Fire Magic
 - Level 8.0 Alchemy


You had 14 spell levels left.
You knew the following spells:

 Your Spells              Type           Power      Damage    Failure   Level
a - Sting                 Conj/Alch      100%       1d9       1%          1
b - Olgreb's Toxic Radia  Alch           43%        N/A       3%          4
c - Sticky Flame          Fire/Alch      34%        2d7       7%          4

Your spell library contained the following spells:

 Spells                   Type           Power      Damage    Failure   Level
 Mercury Vapours          Alch/Air       50%        N/A       2%          2
 Mephitic Cloud           Conj/Alch/Air  21%        N/A       7%          3
 Ensorcelled Hibernation  Hex/Ice        16%        N/A       12%         2
 Fugue of the Fallen      Necr           8%         N/A       24%         3
 Ozocubu's Armour         Ice            8%         N/A       24%         3
 Anguish                  Hex/Necr       4%         N/A       61%         4
 Metabolic Englaciation   Hex/Ice        4%         N/A       91%         5
 Sculpt Simulacrum        Ice/Alch       12%        N/A       93%         6


Dungeon Overview and Level Annotations

Branches:
Dungeon (7/15)             Temple (1/1) D:6

Altars:
Ashenzari
Elyvilon
Kikubaaqudgha
Makhleb
Nemelex Xobeh
Qazlal
Ru
Sif Muna
Trog
Uskayaw
Vehumet
Wu Jian
Xom
Zin
The Shining One

Shops:
D:7 *

Annotations:
D:6 4 runed translucent doors
D:7 Menkaure


Innate Abilities, Weirdness & Mutations

You cannot wear most types of armour.
You are amphibious.
You can wear up to eight rings at the same time.
Your skin changes colour to match your surroundings (Stealth+).
Your rubbery body absorbs attacks. (AC +1, EV +1)
((You are camouflaged when in or above water. (Stealth+)))
You have tentacles for arms and can constrict up to eight enemies at once.


Message History

Casting: Sticky Flame (dangerous; 7% risk of failure)
Confirm with . or Enter, or press ? or * to list all spells.
You don't have enough magic to cast this spell.
Unknown command.
You aren't carrying any items that you can evoke.
Unknown command.
Casting: Sticky Flame (dangerous; 7% risk of failure)
Confirm with . or Enter, or press ? or * to list all spells.
Aiming: Sting (safe; 1% risk of failure)
Press: ? - help, Shift-Dir - straight line, f - gnoll, p - wight
Aim: a gnoll, wielding a +0 halberd (almost dead, 81% to hit)
The sting hits the gnoll.
The gnoll is poisoned.
You kill the gnoll!
Sif Muna accepts your kill. The wight hits you but does no damage.
Okay, then.
Unknown command.
Your +2 dagger of protection goes still.
You are now empty-handed.
The wight hits you with a +3 war axe.
* * * LOW HITPOINT WARNING * * *
You hit the wight.
The wight is almost destroyed.
The wight hits you but does no damage.
You smack the wight!
You destroy the wight!
Sif Muna accepts your kill.
Casting: Sting (safe; 1% risk of failure)
Confirm with . or Enter, or press ? or * to list all spells.
Aiming: Sting (safe; 1% risk of failure)
Press: ? - help, Shift-Dir - straight line, f - gnoll
Aim: a gnoll, wielding a +0 club (81% to hit)
The sting misses the gnoll.
Your magical contamination has completely faded away.
Casting: Sting (safe; 1% risk of failure)
Confirm with . or Enter, or press ? or * to list all spells.
Aiming: Sting (safe; 1% risk of failure)
Press: ? - help, Shift-Dir - straight line, f/p - gnoll
Aim: a gnoll, wielding a +0 club (81% to hit)
The sting hits the gnoll.
The gnoll is poisoned.
The gnoll is lightly wounded.
Casting: Sting (safe; 1% risk of failure)
Confirm with . or Enter, or press ? or * to list all spells.
Aiming: Sting (safe; 1% risk of failure)
Press: ? - help, Shift-Dir - straight line, f/p - gnoll
Aim: a gnoll, wielding a +0 club (lightly wounded, poisoned, 81% to hit)
The sting hits the gnoll.
The gnoll looks even sicker.
The gnoll is heavily wounded.
You are too injured to fight recklessly!
You hit the gnoll.
You kill the gnoll!
Sif Muna accepts your kill.
You start resting.
Your transformation is almost over.
Magic restored.
Unknown command.
You cannot move.
You start resting.
You feel less wooden.
Your +2 dagger of protection hums with potential!
e - a +2 dagger of protection (weapon)
Things that are here:
a +0 club; a +0 flail; a +0 robe
Things that are here:
a +0 halberd; a gnoll corpse You hear the creaking of a very distant portcullis.
q - 2 potions of curing (gained 1)
You drop a +0 dagger.
A malevolent force fills the Dungeon...
With a horrendous wail, an alarm goes off!
A sentinel's mark forms upon you.
You hear a shout! x7; You hear a bark! 2 ufetubi come into view.
Found a twisted jewelled staff.
Casting: Sting (safe; 1% risk of failure)
Confirm with . or Enter, or press ? or * to list all spells.
You begin to radiate toxic energy.
The ufetubus is poisoned. x2
The ufetubus looks even sicker. x2
You kill the ufetubus!
Sif Muna accepts your kill.
Your toxic aura wanes.
You hit the ufetubus.
Your weapon exudes an aura of protection.
You grab the ufetubus. You squeeze the ufetubus.
You kill the ufetubus!
Sif Muna accepts your kill.
Menkaure, Prince of Dust comes into view.
Menkaure casts a spell.
Menkaure seems to speed up.
You see here a staff of fire.
a - a staff of fire Menkaure calls on the powers of darkness!
Your body is wracked with pain!
* * * LOW HITPOINT WARNING * * *
Okay, then.
Okay, then.
A centaur comes into view.
Unknown command.
Menkaure murmurs a few words.
Menkaure attacks as he pursues you! Menkaure hits you!!
You die...

#.....##. #..).... ..#
#....).....# #.. ....
#....##.. .# #.. .....
#....##.# .# #.. .....
......#.##.# #..##
......
........#..#.##..##.....
....)...#.........#.....
..........# ###@..#
..........####.##M.#
.......#.....c.....#
.......##.........##
.....####.......###
#.)..# #......## )).)##
#......# .).## ##....##
#### ##...#


You could see Menkaure (fast).

Vanquished Creatures
  2 orc warriors
  2 sky beasts (D:6)
  2 black bears (D:6)
  2 gnoll sergeants
  A bullfrog (D:7)
  3 scorpions
  4 wights (D:7)
  2 howler monkeys (D:6)
  A bombardier beetle (D:5)
  2 hounds (D:6)
  3 jellies (D:6)
  2 orc priests
  A sleepcap (D:6)
  5 iguanas
  3 orc wizards
  4 gnolls (D:7)
  An adder (D:5)
  2 ufetubi (D:7)
  2 ribbon worms
  17 orcs
  5 bats
  2 endoplasms
  3 giant cockroaches
  3 goblins
  4 jackals
  3 kobolds
  A quokka (D:5)
  A ball python (D:4)
  3 frilled lizards
  4 rats
90 creatures vanquished.

Vanquished Creatures (others)
  An orc priest (D:6)
  2 orc wizards (D:6)
  An orc (D:6)
4 creatures vanquished.

Grand Total: 94 creatures vanquished

Notes
Turn   | Place    | Note
-------+----------+-------------------------------------------
     0 | D:1      | Flugslaktarn the Octopode Alchemist began the quest for the
                  | Orb.
     0 | D:1      | Reached XP level 1. HP: 11/11 MP: 3/3
    82 | D:1      | Reached XP level 2. HP: 15/17 MP: 3/5
   181 | D:1      | Reached skill level 4 in Alchemy
   360 | D:2      | Reached XP level 3. HP: 21/21 MP: 2/6
   600 | D:4      | Found a broken altar of Ashenzari.
   661 | D:4      | Reached XP level 4. HP: 15/27 MP: 5/8
   682 | D:4      | Identified the +2 robe of the Last Spreadsheets {rF+ Stlth+
                  | Archmagi}
   746 | D:5      | Entered Level 5 of the Dungeon
   781 | D:5      | Noticed a scorpion
   789 | D:5      | Killed a scorpion
   790 | D:5      | Reached skill level 5 in Alchemy
   790 | D:5      | Reached XP level 5. HP: 27/31 MP: 7/9
   842 | D:5      | Learned a level 4 spell: Olgreb's Toxic Radiance
   847 | D:5      | Learned a level 4 spell: Sticky Flame
   874 | D:5      | Found a white marble altar of Elyvilon.
  1029 | D:5      | Reached skill level 6 in Alchemy
  1029 | D:5      | Reached XP level 6. HP: 36/36 MP: 8/11
  1076 | D:5      | Found an ancient bone altar of Kikubaaqudgha.
  1215 | D:6      | Found a large runed translucent door.
  1215 | D:6      | Found a large runed translucent door.
  1217 | D:6      | Noticed a cyan ugly thing
  1222 | D:6      | Noticed a gargoyle
  1240 | D:6      | Reached skill level 7 in Alchemy
  1243 | D:6      | Reached XP level 7. HP: 40/41 MP: 8/13
  1299 | D:6      | Reached skill level 8 in Alchemy
  1344 | D:6      | Reached skill level 5 in Spellcasting
  1362 | D:6      | Found a staircase to the Ecumenical Temple.
  1376 | D:6      | Found a large runed translucent door.
  1376 | D:6      | Found a large runed translucent door.
  1383 | D:6      | Reached skill level 1 in Fire Magic
  1387 | Temple   | Entered the Ecumenical Temple
  1393 | Temple   | Became a worshipper of Sif Muna the Loreminder
  1403 | D:6      | Found a shimmering altar of Xom.
  1413 | D:6      | Noticed an angel
  1436 | D:6      | Reached XP level 8. HP: 37/46 MP: 5/15
  1493 | D:6      | Found a glowing silver altar of Zin.
  1499 | D:6      | Reached skill level 1 in Fighting
  1514 | D:6      | Found a sacrificial altar of Ru.
  1612 | D:7      | Reached * piety under Sif Muna
  1621 | D:7      | Found Adun's Assorted Antiques.
  1649 | D:7      | Reached XP level 9. HP: 33/54 MP: 10/19
  1717 | D:7      | Noticed Menkaure
  1727 | D:7      | Mangled by Menkaure

Illustrated notes

Levels and vault maps discovered:
D:1:      lightli_molten_gateway, layout_loops_ring,
          shapermc_ecumenical_altar_petra, minmay_misc_feat_secret_circle
D:2:      layout_basic, amcnicky_mini_rare_corridor_liquid, minmay_between
D:3:      layout_basic, serial_shops, shop_fountains, kennysheep_generic_room_8
D:4:      layout_loops_ring, fedhas_altar_2, nicolae_ashenzari_skybound,
          slow_altar_2, general_overflow_altar, gammafunk_ghost_icy
D:5:      layout_loops_ring, overflow_temple_1_default,
          mainiacjoe_overflow_tiny_flanked
D:6:      layout_basic, grunt_temple_overflow_order_and_chaos_1,
          nicolae_yredelemnul_corpse_copse, hangedman_ru_absence,
          temple_statues, gammafunk_ghost_nasty_kobolds,
          minmay_hollow_rounded_squares
D:7:      layout_cave_pools, mainiacjoe_overflow_alcove_1, serial_shops,
          nicolae_take_the_stairs, enter_bailey_2, st_stairs_8, uniq_menkaure
Temple:   chequers_temple_sunken

Skill      XL: |  1  2  3  4  5  6  7  8 |
---------------+-------------------------+-----
Alchemy        | 4 5 6 7 8 |  8.0
Spellcasting   | 3 4 5 7 |  7.5
Fire Magic     | 3 4 |  4.0
Fighting       | 2 |  2.0
Dodging        | |  2.0
Stealth        | |  2.6
Conjurations   | |  1.0

Action                     |  1- 3 |  4- 6 |  7- 9 || total
---------------------------+-------+-------+-------++-------
  Melee: Unarmed           |     7 |       |     3 ||    10
         Dagger            |    33 |    13 |    15 ||    61
         Constrict         |    10 |     5 |     4 ||    19
         Tentacles         |     5 |     5 |     5 ||    15
   Cast: Sting             |    30 |    32 |    25 ||    87
         Olgreb's Toxic Ra |       |     4 |    19 ||    23
         Sticky Flame      |       |       |     7 ||     7
    Use: Scroll            |       |     1 |     7 ||     8
         Potion            |       |       |     2 ||     2
   Stab: Sleeping          |     1 |       |       ||     1
 Armour: Skin              |    20 |     9 |    24 ||    53
  Dodge: Dodged            |    32 |    15 |    13 ||    60

Table legend: (Time is in decaauts)
 A = Elapsed time spent in this place.
 B = Non-inter-level travel time spent in this place.
 C = Inter-level travel time spent in this place.
 D = Time resting spent in this place.
 E = Time spent auto-exploring this place.
 F = Levels seen in this place.
 G = Mean time per level.
                   A        B        C        D        E       F      G
               +--------+--------+--------+--------+--------+-----+--------+
         Total |   1723 |   1566 |    157 |     24 |    419 |   8 |  215.4 |
       Dungeon |   1711 |   1559 |    152 |     24 |    419 |   7 |  244.4 |
        Temple |     12 |      7 |      5 |      0 |      0 |   1 |   12.0 |
               +--------+--------+--------+--------+--------+-----+--------+

Top non-repeatable levels by time:
     D:5: 427 daAuts
     D:6: 396 daAuts
     D:1: 203 daAuts
     D:3: 200 daAuts
     D:4: 187 daAuts
     D:2: 171 daAuts
     D:7: 125 daAuts
  Temple: 12 daAuts
